 Dungeon Crawl Stone Soup version 0.30-a0-176-gdd20fb75b6 (webtiles) character file.

Game seed: 850560195121171155

8962 qw the Cleaver (level 11, -29/68 HPs)
             Began as a Gargoyle Fighter on Oct 1, 2022.
             Was a High Priest of Okawaru.
             Killed from afar by a lindwurm (38 damage)
             ... with a blast of flame
             ... on level 10 of the Dungeon.
             The game lasted 00:03:51 (7259 turns).

qw the Cleaver (Gargoyle Fighter)                   Turns: 7259, Time: 00:03:51

Health: -29/68     AC: 33    Str: 23 (24) XL:     11   Next: 39%
Magic:  17/17      EV: 13    Int:  8 (9)  God:    Okawaru [*****.]
Gold:   460        SH:  6    Dex:  9      Spells: 10/10 levels left

rFire   . . .      SeeInvis .    Y - +0 broad axe
rCold   + . .      Faith    .    c - +0 buckler
rNeg    + . .      Spirit   .    p - +0 plate armour
rPois   inf        Reflect  .    (no helmet)
rElec   +          Harm     .    b - +0 cloak
rCorr   .          Rampage  .    n - +1 pair of gloves
Will    .....                    i - +0 pair of boots of Yxkuuch {rPois rC+}
Stlth   ..........               h - amulet of regeneration
HPRegen 1.11/turn                l - +4 ring of protection
MPRegen 0.15/turn                v - +4 ring of evasion

@: heroic
A: sickness immunity, AC +8, negative energy resistance 1, electricity
resistance, torment resistance 1, petrification resistance
a: Renounce Religion, Heroism, Finesse, Duel


You were on level 10 of the Dungeon.
You worshipped Okawaru.
Okawaru was extremely pleased with you.
You visited 1 branch of the dungeon, and saw 10 of its levels.

You collected 460 gold pieces.


Innate Abilities, Weirdness & Mutations

You are immune to sickness and miasma.
Your stone body is resilient. (AC +8)
You are immune to poison.
You resist negative energy. (rN+)
You are resistant to electric shocks. (rElec)
You are resistant to unholy torment.
You are immune to petrification.


   Skills:
 - Level 8.2(13.2) Fighting
 + Level 10.2(15.2) Axes
 - Level 2.1(7.1) Throwing
 - Level 8.0(13.0) Armour
 - Level 2.1(7.1) Dodging
 - Level 5.0(10.0) Shields
 + Level 9.0 Invocations


You had 10 spell levels left.
You didn't know any spells.
Your spell library was empty.

Inventory:

Hand Weapons
 o - a +0 flail
 Y - a +0 broad axe (weapon)
Missiles
 q - 6 boomerangs (quivered)
Armour
 b - a +0 cloak (worn)
 c - a +0 buckler (worn)
 i - the +0 pair of boots of Yxkuuch (worn) {rPois rC+}
   (You found it on level 6 of the Dungeon)

   rC:        It protects you from cold.
   rPois:     It protects you from poison.
 n - a +1 pair of gloves (worn)
 p - a +0 plate armour (worn)
Jewellery
 h - an amulet of regeneration (around neck)
 l - a +4 ring of protection (left hand)
 v - a +4 ring of evasion (right hand)
Scrolls
 a - 7 scrolls of identify
 s - 4 scrolls of teleportation
Potions
 d - 4 potions of might
 e - 4 potions of mutation
 f - a potion of cancellation
 g - 3 potions of haste
 j - 3 potions of heal wounds
 k - a potion of attraction
 m - 4 potions of curing

Dungeon Overview and Level Annotations

Branches:
Dungeon (10/15)            Temple (0/1) D:6            Lair (0/5) D:10
    Orc: D:9-12

Altars:
Cheibriados
Dithmenos
Elyvilon
Hepliaklqana
Kikubaaqudgha
Makhleb
Nemelex Xobeh
Okawaru
Trog
Vehumet
Wu Jian
Yredelemnul

Annotations:
D:9 1 runed translucent door, qw's ghost, novice GrFi


Message History

Enter note: You now have 460 gold pieces (gained 24).
s - 4 scrolls of teleportation (gained 1)
A lindwurm comes into view.
Found a scroll of butterflies, a short sword and a manual of Unarmed Combat.
Found an escape hatch in the floor.
The lindwurm roars!
You hear a roar!
A lindwurm comes into view.
Enter note:
Enter note:
7235 ||| INVOKING Heroism.
You gain the combat prowess of a mighty hero.
A lindwurm comes into view.
The lindwurm breathes flames at you. The blast of flame hits you!!
Magic restored.
The lindwurm breathes flames at you. The blast of flame hits you!!
The lindwurm breathes flames at you.
The blast of flame hits you but does no damage.
7249 ||| FLEEEEING.
7250 ||| FLEEEEING.
The lindwurm breathes flames at you.
The blast of flame hits you but does no damage.
7251 ||| FLEEEEING.
The lindwurm breathes flames at you. The blast of flame hits you!
7252 ||| FLEEEEING.
7254 ||| FLEEEEING.
7255 ||| FLEEEEING.
7256 ||| FLEEEEING.
7257 ||| FLEEEEING.
The lindwurm breathes flames at you. The blast of flame hits you.
7258 ||| FLEEEEING.
7259 ||| FLEEEEING.
The lindwurm breathes flames at you. The blast of flame hits you!!!
Ouch! That really hurt!
You die...

....~¤~~..#.? .#..~~~~¤........#
....~~¤~¤.¤####¤.¤~¤~~.........#
....~~~~~...##¤.¤¤¤~~~.........#
.....~~¤¤~~k.kk~¤¤¤¤¤.....(....#
.....~~~¤~¤~~~~¤~¤¤¤~¤.........#
..#...~¤¤~~~~~¤~¤~¤¤...........#
#......~~~¤~~~¤¤~~¤¤...........#
####.....~~¤~¤~~~..............#
##.......¤~..@....###########
###............###
#####....##### ######


You could see 3 lindwurms.

Vanquished Creatures
  Erica (D:10)
  A two-headed ogre (D:9)
  An elephant (D:10)
  Maurice (D:8)
  A gargoyle (D:10)
  A troll (D:9)
  Grinder (D:6)
  A vampire (D:9)
  A shadow (D:10)
  A wyvern (D:10)
  A basilisk (D:10)
  6 yaks (D:10)
  3 steam dragons
  2 vampire mosquitoes (D:10)
  Menkaure (D:6)
  3 orc warriors
  2 ice beasts (D:4)
  3 sky beasts
  2 black bears
  3 ogres
  4 centaurs
  2 phantoms
  A kobold brigand (D:7)
  5 bullfrogs
  A necrophage (D:4)
  3 scorpions
  13 wights
  4 killer bees (D:9)
  3 howler monkeys
  5 jellies
  5 orc priests
  A gnoll bouda (D:7)
  4 hounds
  2 iguanas
  6 orc wizards
  A mummy (D:7)
  18 gnolls
  5 adders
  A shadow imp (D:8)
  A white imp (D:8)
  A dart slug (D:4)
  A worm (D:2)
  35 orcs
  2 bat zombies (D:3)
  4 endoplasms
  A giant cockroach (D:1)
  13 goblins
  13 hobgoblins
  8 jackals (D:1)
  10 kobolds
  5 quokkas
  11 ball pythons
  9 bats
  4 frilled lizards
  8 rats
246 creatures vanquished.

Vanquished Creatures (others)
  2 fungi (D:10)
  A withered plant (D:3)
3 creatures vanquished.

Grand Total: 249 creatures vanquished

Notes
Turn   | Place    | Note
-------+----------+-------------------------------------------
     0 | D:1      | qw the Gargoyle Fighter began the quest for the Orb.
     0 | D:1      | Reached XP level 1. HP: 14/14 MP: 1/1
     0 | D:1      | 0 ||| qw: Version: 0.2-a-13-gfc7b4b4
     0 | D:1      | 0 ||| qw: Game counter: 1968
     0 | D:1      | 0 ||| qw: Always use a shield: true
     0 | D:1      | 0 ||| qw: God list: Okawaru
     0 | D:1      | 0 ||| qw: Allow faded altars: false
     0 | D:1      | 0 ||| qw: Do Orc after D:15 true
     0 | D:1      | 0 ||| qw: Do second Lair branch before Depths: true
     0 | D:1      | 0 ||| qw: Lair rune preference: random
     0 | D:1      | 0 ||| qw: Plans: Normal, Zot:1-4, God:TSO, Crypt, Tomb,
                  | Pan, Slime:5, Hells, Abyss, Orb
     0 | D:1      | 0 ||| PLANNING D:1-11
    51 | D:1      | Reached skill level 2 in Axes
    81 | D:1      | Reached XP level 2. HP: 19/19 MP: 2/2
   162 | D:1      | 162 ||| Stepping ~*~*~tactically~*~*~ (stealth).
   169 | D:1      | 169 ||| Stepping ~*~*~tactically~*~*~ (stealth).
   237 | D:1      | 237 ||| Stepping ~*~*~tactically~*~*~ (stealth).
   240 | D:1      | 240 ||| Stepping ~*~*~tactically~*~*~ (stealth).
   244 | D:1      | Reached skill level 3 in Axes
   261 | D:1      | Reached XP level 3. HP: 23/23 MP: 3/3
   272 | D:1      | 272 ||| Stepping ~*~*~tactically~*~*~ (stealth).
   274 | D:1      | 274 ||| Stepping ~*~*~tactically~*~*~ (stealth).
   291 | D:1      | 291 ||| Stepping ~*~*~tactically~*~*~ (stealth).
   292 | D:1      | 292 ||| Stepping ~*~*~tactically~*~*~ (stealth).
   293 | D:1      | 293 ||| Stepping ~*~*~tactically~*~*~ (stealth).
   296 | D:1      | 296 ||| Stepping ~*~*~tactically~*~*~ (stealth).
   298 | D:1      | 298 ||| Stepping ~*~*~tactically~*~*~ (stealth).
   319 | D:1      | 319 ||| DROPPING +0 club.
   651 | D:1      | 651 ||| UPGRADING to +4 ring of protection.
   652 | D:1      | 652 ||| READING scroll labelled QEBRYLO APPO.
   653 | D:1      | 653 ||| READING scroll labelled FETHRA SYTOA.
   654 | D:1      | 654 ||| READING scroll labelled UZOCIU DUSK.
   655 | D:1      | 655 ||| READING scroll labelled WIEGAM HAFI.
   656 | D:1      | 656 ||| READING scroll labelled NUIMITSISS.
   676 | D:2      | 676 ||| STAIRDANCE
   686 | D:2      | 686 ||| STAIRDANCE
   693 | D:2      | 693 ||| STAIRDANCE
   727 | D:2      | 727 ||| STAIRDANCE
   840 | D:2      | Reached XP level 4. HP: 28/28 MP: 4/4
   953 | D:2      | Found the +3 Mad Mage's Maulers {Infuse+∞ RegenMP Int-3}
  1246 | D:2      | Reached skill level 4 in Axes
  1613 | D:2      | 1613 ||| UPGRADING to +3 Mad Mage's Maulers {Infuse+∞
                  | RegenMP Int-3}.
  1618 | D:2      | 1618 ||| UPGRADING to amulet of regeneration.
  1623 | D:2      | 1623 ||| READING scroll labelled QUOL ADIYJA.
  1896 | D:3      | Found a faded altar of an unknown god.
  1917 | D:3      | Found an iron altar of Okawaru.
  1918 | D:3      | 1918 ||| PLANNING OKAWARU WORSHIP
  1918 | D:3      | 1918 ||| READING 2 scrolls of identify.
  1918 | D:3      | 1918 ||| IDENTIFYING pink potion
  1920 | D:3      | Found a sparkling altar of Nemelex Xobeh.
  1931 | D:3      | Became a worshipper of Warmaster Okawaru
  1932 | D:3      | 1932 ||| PLANNING D:1-11
  2172 | D:3      | 2172 ||| Stepping ~*~*~tactically~*~*~ (stealth).
  2183 | D:3      | 2183 ||| Stepping ~*~*~tactically~*~*~ (stealth).
  2184 | D:3      | 2184 ||| DROPPING +0 whip.
  2245 | D:3      | Found an ancient bone altar of Kikubaaqudgha.
  2300 | D:3      | 2300 ||| UPGRADING to +0 pair of gloves.
  2310 | D:3      | 2310 ||| DROPPING +3 Mad Mage's Maulers {Infuse+∞ RegenMP
                  | Int-3}.
  2311 | D:3      | 2311 ||| READING scroll labelled MEMEME GEOKO.
  2312 | D:3      | 2312 ||| READING scroll labelled DADGHAS LOIGE.
  2317 | D:3      | 2317 ||| READING 2 scrolls of identify.
  2317 | D:3      | 2317 ||| IDENTIFYING silvery potion
  2367 | D:4      | Reached XP level 5. HP: 26/32 MP: 5/5
  2367 | D:4      | 2367 ||| STAIRDANCE
  2566 | D:4      | Reached skill level 5 in Axes
  2646 | D:4      | Reached XP level 6. HP: 38/38 MP: 6/6
  2696 | D:4      | Noticed an ice beast
  2711 | D:4      | Killed an ice beast
  2711 | D:4      | Reached * piety under Okawaru
  2714 | D:4      | Noticed a sky beast
  2729 | D:4      | 2729 ||| INVOKING Heroism.
  2738 | D:4      | Killed a sky beast
  2739 | D:4      | Reached skill level 1 in Invocations
  2756 | D:4      | 2756 ||| INVOKING Heroism.
  2762 | D:4      | Reached XP level 7. HP: 43/43 MP: 5/8
  2839 | D:4      | 2839 ||| INVOKING Heroism.
  2854 | D:4      | 2854 ||| INVOKING Heroism.
  2953 | D:4      | 2953 ||| Stepping ~*~*~tactically~*~*~ (hiding).
  2955 | D:4      | 2955 ||| Stepping ~*~*~tactically~*~*~ (hiding).
  2963 | D:4      | 2963 ||| INVOKING Heroism.
  2969 | D:4      | Reached skill level 3 in Invocations
  2976 | D:4      | 2976 ||| Stepping ~*~*~tactically~*~*~ (stealth).
  2983 | D:4      | 2983 ||| Stepping ~*~*~tactically~*~*~ (stealth).
  3067 | D:4      | Reached skill level 6 in Axes
  3175 | D:4      | 3175 ||| DRINKING 2 clear potions.
  3176 | D:4      | 3176 ||| READING 4 scrolls of identify.
  3176 | D:4      | 3176 ||| IDENTIFYING glowing golden potion
  3177 | D:4      | 3177 ||| READING 3 scrolls of identify.
  3177 | D:4      | 3177 ||| IDENTIFYING smoky emerald potion
  3189 | D:5      | Entered Level 5 of the Dungeon
  3247 | D:5      | 3247 ||| FLEEEEING.
  3248 | D:5      | 3248 ||| FLEEEEING.
  3249 | D:5      | 3249 ||| FLEEEEING.
  3250 | D:5      | 3250 ||| STAIRDANCE
  3354 | D:5      | 3354 ||| INVOKING Heroism.
  3354 | D:5      | HP: 1/43 [ogre/+0 giant spiked club (21)]
  3355 | D:5      | 3355 ||| DRINKING potion of heal wounds.
  3356 | D:5      | 3356 ||| STAIRDANCE
  3360 | D:4      | Reached ** piety under Okawaru
  3387 | D:5      | 3387 ||| Stepping ~*~*~tactically~*~*~ (hiding).
  3388 | D:5      | 3388 ||| Stepping ~*~*~tactically~*~*~ (hiding).
  3395 | D:5      | Reached XP level 8. HP: 46/48 MP: 11/11
  3399 | D:5      | 3399 ||| FLEEEEING.
  3400 | D:5      | 3400 ||| FLEEEEING.
  3401 | D:5      | 3401 ||| FLEEEEING.
  3402 | D:5      | 3402 ||| FLEEEEING.
  3403 | D:5      | 3403 ||| FLEEEEING.
  3449 | D:5      | 3449 ||| READING scroll of enchant armour.
  3449 | D:5      | 3449 ||| ENCHANTING +0 pair of gloves.
  3537 | D:5      | 3537 ||| INVOKING Heroism.
  3563 | D:5      | 3563 ||| INVOKING Heroism.
  3695 | D:5      | 3695 ||| INVOKING Heroism.
  3704 | D:5      | Reached skill level 7 in Axes
  3790 | D:5      | Identified the +3 ring mail of Pucoawox {Will- Int+4}
  4007 | D:5      | 4007 ||| READING 2 scrolls of identify.
  4007 | D:5      | 4007 ||| IDENTIFYING lumpy purple potion
  4096 | D:6      | 4096 ||| INVOKING Heroism.
  4098 | D:6      | Found an ornate altar of the Wu Jian Council.
  4152 | D:6      | 4152 ||| DROPPING +3 hand axe.
  4175 | D:6      | 4175 ||| INVOKING Heroism.
  4176 | D:6      | 4176 ||| Stepping ~*~*~tactically~*~*~ (stealth).
  4177 | D:6      | 4177 ||| Stepping ~*~*~tactically~*~*~ (stealth).
  4198 | D:6      | 4198 ||| INVOKING Heroism.
  4209 | D:6      | Reached skill level 8 in Axes
  4253 | D:6      | 4253 ||| Stepping ~*~*~tactically~*~*~ (hiding).
  4261 | D:6      | 4261 ||| INVOKING Heroism.
  4262 | D:6      | 4262 ||| DRINKING 3 potions of curing.
  4262 | D:6      | 4262 ||| (to cure confusion)
  4278 | D:6      | Reached *** piety under Okawaru
  4279 | D:6      | Reached skill level 6 in Fighting
  4279 | D:6      | Reached XP level 9. HP: 42/55 MP: 12/12
  4305 | D:6      | Identified the +0 pair of boots of Yxkuuch {rPois rC+}
  4338 | D:6      | Noticed Grinder
  4339 | D:6      | 4339 ||| INVOKING Heroism.
  4349 | D:6      | 4349 ||| DRINKING 2 potions of curing.
  4349 | D:6      | 4349 ||| (to cure confusion)
  4359 | D:6      | Killed Grinder
  4394 | D:6      | 4394 ||| INVOKING Heroism.
  4401 | D:6      | Reached skill level 9 in Axes
  4448 | D:6      | 4448 ||| Stepping ~*~*~tactically~*~*~ (stealth).
  4450 | D:6      | 4450 ||| INVOKING Heroism.
  4517 | D:6      | Found a staircase to the Ecumenical Temple.
  4560 | D:6      | Found a radiant altar of Vehumet.
  4679 | D:6      | Noticed Menkaure
  4680 | D:6      | 4680 ||| Stepping ~*~*~tactically~*~*~ (stealth).
  4682 | D:6      | 4682 ||| INVOKING Heroism.
  4685 | D:6      | Killed Menkaure
  4712 | D:6      | Found a basalt altar of Yredelemnul.
  4726 | D:6      | 4726 ||| UPGRADING to +0 pair of boots of Yxkuuch {rPois
                  | rC+}.
  4731 | D:6      | 4731 ||| DROPPING +3 ring mail of Pucoawox {Will- Int+4}.
  4732 | D:6      | 4732 ||| UPGRADING to +0 chain mail.
  4742 | D:6      | 4742 ||| DROPPING +0 scale mail.
  4743 | D:6      | 4743 ||| READING scroll labelled LUSERAWEITO.
  4744 | D:6      | 4744 ||| READING scroll labelled TUYMPA TORO.
  5038 | D:7      | Found a bloodstained altar of Trog.
  5056 | D:7      | 5056 ||| Stepping ~*~*~tactically~*~*~ (hiding).
  5065 | D:7      | 5065 ||| Stepping ~*~*~tactically~*~*~ (stealth).
  5066 | D:7      | 5066 ||| INVOKING Heroism.
  5130 | D:7      | Found a snail-covered altar of Cheibriados.
  5177 | D:7      | 5177 ||| Stepping ~*~*~tactically~*~*~ (hiding).
  5193 | D:7      | 5193 ||| Stepping ~*~*~tactically~*~*~ (hiding).
  5197 | D:7      | 5197 ||| INVOKING Heroism.
  5291 | D:7      | 5291 ||| INVOKING Heroism.
  5431 | D:7      | 5431 ||| Stepping ~*~*~tactically~*~*~ (stealth).
  5433 | D:7      | 5433 ||| Stepping ~*~*~tactically~*~*~ (hiding).
  5434 | D:7      | 5434 ||| Stepping ~*~*~tactically~*~*~ (hiding).
  5439 | D:7      | 5439 ||| INVOKING Heroism.
  5447 | D:7      | Reached XP level 10. HP: 45/63 MP: 10/13
  5448 | D:7      | 5448 ||| Stepping ~*~*~tactically~*~*~ (cloud).
  5488 | D:7      | 5488 ||| UPGRADING to +0 plate armour.
  5498 | D:7      | 5498 ||| DROPPING +0 chain mail.
  5499 | D:7      | 5499 ||| READING scroll labelled DEIDENTOF.
  5549 | D:8      | Noticed Maurice
  5553 | D:8      | Paralysed by Maurice for 3 turns
  5559 | D:8      | Paralysed by Maurice for 2 turns
  5569 | D:8      | Paralysed by something for 3 turns
  5582 | D:8      | Killed Maurice
  5582 | D:8      | Reached **** piety under Okawaru
  5583 | D:8      | Reached skill level 6 in Armour
  5600 | D:8      | 5600 ||| Stepping ~*~*~tactically~*~*~ (stealth).
  5602 | D:8      | 5602 ||| Stepping ~*~*~tactically~*~*~ (stealth).
  5604 | D:8      | 5604 ||| INVOKING Heroism.
  5605 | D:8      | 5605 ||| Stepping ~*~*~tactically~*~*~ (stealth).
  5664 | D:8      | 5664 ||| Stepping ~*~*~tactically~*~*~ (stealth).
  5665 | D:8      | 5665 ||| Stepping ~*~*~tactically~*~*~ (stealth).
  5689 | D:8      | 5689 ||| INVOKING Heroism.
  5826 | D:8      | Found a burning altar of Makhleb.
  5962 | D:8      | 5962 ||| READING scroll of brand weapon.
  5962 | D:8      | 5962 ||| BRANDING +1 war axe of freezing.
  5994 | D:8      | 5994 ||| UPGRADING to +0 cloak.
  5999 | D:8      | 5999 ||| DROPPING orb of wrath.
  6000 | D:8      | 6000 ||| READING 5 scrolls of identify.
  6000 | D:8      | 6000 ||| IDENTIFYING glowing ruby potion
  6001 | D:8      | 6001 ||| DROPPING potion of invisibility.
  6035 | D:9      | 6035 ||| STAIRDANCE
  6062 | D:9      | 6062 ||| INVOKING Heroism.
  6133 | D:9      | 6133 ||| SWAPPING to +0 broad axe.
  6134 | D:9      | 6134 ||| DROPPING +1 vorpal war axe.
  6137 | D:9      | Noticed a two-headed ogre
  6138 | D:9      | 6138 ||| INVOKING Heroism.
  6143 | D:9      | Reached skill level 10 in Axes
  6145 | D:9      | 6145 ||| Stepping ~*~*~tactically~*~*~ (stealth).
  6151 | D:9      | Killed a two-headed ogre
  6152 | D:9      | Reached skill level 6 in Invocations
  6235 | D:9      | 6235 ||| Stepping ~*~*~tactically~*~*~ (hiding).
  6243 | D:9      | 6243 ||| Stepping ~*~*~tactically~*~*~ (stealth).
  6246 | D:9      | 6246 ||| Stepping ~*~*~tactically~*~*~ (stealth).
  6307 | D:9      | Found a runed translucent door.
  6315 | D:9      | Noticed qw's ghost (novice GrFi)
  6346 | D:9      | Found a shadowy altar of Dithmenos.
  6459 | D:9      | Found a white marble altar of Elyvilon.
  6500 | D:9      | Found a hazy altar of Hepliaklqana.
  6556 | D:9      | 6556 ||| Stepping ~*~*~tactically~*~*~ (stealth).
  6561 | D:9      | 6561 ||| INVOKING Heroism.
  6623 | D:9      | 6623 ||| UPGRADING to +4 ring of evasion.
  6624 | D:9      | 6624 ||| READING scroll labelled LUQISCH ORGHUSH.
  6636 | D:9      | 6636 ||| READING scroll labelled QINUAPRAWN.
  6637 | D:9      | 6637 ||| DRINKING 2 brown potions.
  6638 | D:9      | 6638 ||| DROPPING potion of degeneration.
  6651 | D:10     | Entered Level 10 of the Dungeon
  6675 | D:10     | 6675 ||| Stepping ~*~*~tactically~*~*~ (stealth).
  6676 | D:10     | Noticed an elephant
  6676 | D:10     | Noticed a gargoyle
  6677 | D:10     | 6677 ||| Stepping ~*~*~tactically~*~*~ (stealth).
  6679 | D:10     | 6679 ||| Stepping ~*~*~tactically~*~*~ (hiding).
  6685 | D:10     | 6685 ||| INVOKING Heroism.
  6697 | D:10     | Killed a gargoyle
  6709 | D:10     | Killed an elephant
  6709 | D:10     | Reached ***** piety under Okawaru
  6718 | D:10     | Reached XP level 11. HP: 38/68 MP: 16/16
  6718 | D:10     | Found a staircase to the Lair.
  6856 | D:10     | 6856 ||| INVOKING Heroism.
  6877 | D:10     | Received a gift from Okawaru
  6905 | D:10     | Noticed Erica
  6906 | D:10     | 6906 ||| INVOKING Heroism.
  6907 | D:10     | 6907 ||| DRINKING 5 potions of curing.
  6907 | D:10     | 6907 ||| (to cure confusion)
  6908 | D:10     | 6908 ||| INVOKING Finesse.
  6919 | D:10     | Killed Erica
  6993 | D:10     | 6993 ||| Stepping ~*~*~tactically~*~*~ (hiding).
  7000 | D:10     | Reached skill level 9 in Invocations
  7234 | D:10     | Noticed a lindwurm
  7234 | D:10     | Noticed a lindwurm
  7235 | D:10     | 7235 ||| INVOKING Heroism.
  7236 | D:10     | Noticed a lindwurm
  7248 | D:10     | HP: 14/68 [lindwurm/blast of flame (29)]
  7249 | D:10     | 7249 ||| FLEEEEING.
  7250 | D:10     | 7250 ||| FLEEEEING.
  7251 | D:10     | 7251 ||| FLEEEEING.
  7251 | D:10     | HP: 1/68 [lindwurm/blast of flame (17)]
  7252 | D:10     | 7252 ||| FLEEEEING.
  7254 | D:10     | 7254 ||| FLEEEEING.
  7255 | D:10     | 7255 ||| FLEEEEING.
  7256 | D:10     | 7256 ||| FLEEEEING.
  7257 | D:10     | 7257 ||| FLEEEEING.
  7257 | D:10     | HP: 6/68 [lindwurm/blast of flame (1)]
  7258 | D:10     | 7258 ||| FLEEEEING.
  7259 | D:10     | 7259 ||| FLEEEEING.
  7259 | D:10     | Killed from afar by a lindwurm

Levels and vault maps discovered:
D:1:      matt_arrival_grand_opening, layout_rooms, st_stairs_11
D:2:      layout_basic
D:3:      layout_rooms, lemuel_zombie_altar_kikubaaqudgha,
          grunt_temple_overflow_open, ebering_ecumenical_altar_petrified
D:4:      cheibrodos_barr_body, layout_gridville
D:5:      layout_loops_ring
D:6:      layout_basic, kennysheep_mini, mainiacjoe_overflow_tiny_flanked,
          mainiacjoe_overflow_small_starburst, temple_statues, minmay_bent,
          uniq_menkaure, uniq_grinder
D:7:      layout_gridville, lightli_temple_of_fire, slow_altar_2
D:8:      layout_rooms, makhleb_blood_cavern_becter, uniq_maurice
D:9:      layout_rooms, mainiacjoe_overflow_swirl, mainiacjoe_overflow_chevrons,
          serial_corexii_hall, corexii_hall_statues_l, corexii_hall_statues_s,
          hellmonk_ghost_happy_afterlife
D:10:     layout_roguey, nicolae_qazlal_eye_of_the_storm, david_lair_generic,
          gammafunk_ghost_nasty_kobolds, minmay_lindwurm_lava, uniq_erica

Skill      XL: |  1  2  3  4  5  6  7  8  9 10 11 |
---------------+----------------------------------+-----
Axes           | 2 3 4 5 6 8 9 10 | 10.2
Fighting       | 4 6 7 8 |  8.2
Dodging        | 2 |  2.1
Invocations    | 2 4 7 9 |  9.0
Throwing       | 2 |  2.1
Shields        | 4 5 |  5.0
Armour         | 5 7 8 |  8.0

Action                   |  1- 3 |  4- 6 |  7- 9 | 10-12 || total
-------------------------+-------+-------+-------+-------++-------
Melee: War axe           |   112 |   163 |   310 |    81 ||   666
       Broad axe         |       |       |       |   158 ||   158
Throw: Boomerang         |       |       |    37 |    12 ||    49
Invok: Heroism           |       |     2 |    19 |     9 ||    30
       Finesse           |       |       |       |     1 ||     1
  Use: Scroll            |     5 |     5 |     6 |     5 ||    21
       Potion            |       |       |     4 |     2 ||     6
Armor: Scale mail        |    64 |    89 |   136 |       ||   289
       Chain mail        |       |       |    34 |       ||    34
       Plate armour      |       |       |       |   187 ||   187
Dodge: Dodged            |    71 |    60 |   133 |   117 ||   381
Block: Buckler           |    25 |    19 |    79 |    64 ||   187

Table legend:
 A = Non-vault XP
 B = Vault XP
 C = Vault XP percentage of total XP
 D = Non-vault monster count
 E = Vault monster count
 F = Vault count percentage of total count
                 A         B        C        D         E       F
            +---------+---------+-------+---------+---------+-------
      Total |    8951 |    3852 |  30.1 |     209 |      37 |  15.0
            +---------+---------+-------+---------+---------+-------
        D:1 |      70 |       4 |   5.4 |      34 |       3 |   8.1
        D:2 |      35 |       0 |   0.0 |      14 |       0 |   0.0
        D:3 |      27 |       4 |  12.9 |      18 |       2 |  10.0
        D:4 |     626 |     408 |  39.5 |      31 |      14 |  31.1
        D:5 |     421 |       0 |   0.0 |      16 |       0 |   0.0
        D:6 |     940 |    1079 |  53.4 |      22 |      10 |  31.2
        D:7 |    1077 |      18 |   1.6 |      23 |       1 |   4.2
        D:8 |     656 |     505 |  43.5 |      17 |       2 |  10.5
        D:9 |    1846 |       0 |   0.0 |      12 |       0 |   0.0
       D:10 |    3253 |    1834 |  36.1 |      22 |       5 |  18.5
            +---------+---------+-------+---------+---------+-------
